 Dungeon Crawl Stone Soup version 0.27.0-1-g7a089689b8 (webtiles) character file.

Game seed: 6876148273177110278

203 Delamore the Sneak (level 5, -9/36 HPs)
             Began as an Octopode Brigand on Aug 7, 2021.
             Mangled by an orc (17 damage)
             ... on level 4 of the Dungeon.
             The game lasted 00:02:36 (3151 turns).

Delamore the Sneak (Octopode Brigand)               Turns: 3151, Time: 00:02:37

Health: -9/36      AC:  1    Str: 11    XL:     5   Next: 81%
Magic:  5/5        EV: 13    Int: 13    God:
Gold:   138        SH:  0    Dex: 14    Spells: 4/4 levels left

rFire    . . .     SeeInvis +   p - +1 dagger (speed)
rCold    . . .     Faith    .   (no shield)
rNeg     . . .     Spirit   .   (helmet restricted)
rPois    .         Reflect  .   e - amulet of regeneration
rElec    .         Harm     .   d - ring of see invisible
rCorr    .         Rampage  .   (no ring)
Will     .....                  (no ring)
Stlth    ++++......             (no ring)
HPRegen  1.12/turn              (no ring)
MPRegen  0.09/turn              (no ring)
                                (no ring)
                                (no ring)

@: no status effects
A: almost no armour, amphibious, 8 rings, camouflage 1, gelatinous body 1,
(nimble swimmer 1), tentacles
a: no special abilities


You were on level 4 of the Dungeon.
You visited 1 branch of the dungeon, and saw 4 of its levels.

You collected 138 gold pieces.

Inventory:

Hand Weapons
 a - a +2 dagger
 p - a +1 dagger of speed (weapon)
Missiles
 b - 8 poisoned darts (quivered)
 c - 2 curare-tipped darts
 l - 3 javelins
 m - 3 boomerangs
Jewellery
 d - a ring of see invisible (left tentacle)
 e - an amulet of regeneration (around mantle)
 g - a ring of ice
Scrolls
 f - a scroll of teleportation
 i - a scroll of enchant armour
 j - a scroll of fog
 k - a scroll of immolation
 o - a scroll of torment
Potions
 n - a potion of haste {unknown}


   Skills:
 + Level 3.3 Fighting
 * Level 4.3 Short Blades
 - Level 2.0 Throwing
 + Level 2.7 Dodging
 - Level 5.3 Stealth


You had 4 spell levels left.
You didn't know any spells.
Your spell library contained the following spells:

 Spells                   Type           Power      Damage    Failure   Level
 Beastly Appendage        Tmut           0%         N/A       30%         1
 Wereblood                Tmut           0%         N/A       43%         2
 Spider Form              Tmut/Pois      0%         N/A       67%         3


Dungeon Overview and Level Annotations

Branches:
Dungeon (4/15)
 Temple: D:4-7

Altars:
Cheibriados
Dithmenos
Kikubaaqudgha
Qazlal
Sif Muna
Xom

Annotations:
D:3 2 runed translucent doors


Innate Abilities, Weirdness & Mutations

You cannot wear most types of armour.
You are amphibious.
You can wear up to eight rings at the same time.
Your skin changes colour to match your surroundings (Stealth+).
Your rubbery body absorbs attacks. (AC +1, EV +1)
((You are camouflaged near water. (Stealth+)))
You have tentacles for arms and can constrict up to eight enemies at once.


Message History

The orc wizard is lightly wounded.
You constrict the orc wizard.
You hit the orc wizard but do no damage.
The orc wizard is moderately wounded.
You constrict the orc wizard.
The orc wizard escapes!
You miss the orc wizard. Your grab misses the orc wizard.
The orc wizard is moderately wounded.
You barely miss the orc wizard. Your grab misses the orc wizard.
You squeeze the orc wizard.
The orc wizard is moderately wounded.
The orc wizard misses you.
You hit the orc wizard. Your grab misses the orc wizard.
The orc wizard is heavily wounded.
The orc hits you with a +1 hand axe of electrocution.
You are electrocuted!
The orc wizard hits you with a +0 dagger.
The orc hits you with a +0 mace.
You are too injured to fight recklessly!
You are too injured to fight recklessly!
You are too injured to fight recklessly!
You are too injured to fight recklessly!
You are too injured to fight recklessly!
You are too injured to fight recklessly!
You are too injured to fight recklessly!
You are too injured to fight recklessly!
You are too injured to fight recklessly!
You are too injured to fight recklessly!
You are too injured to fight recklessly!
You are too injured to fight recklessly!
You are too injured to fight recklessly!
You closely miss the orc wizard. You grab the orc wizard.
The orc wizard is heavily wounded.
You constrict the orc wizard, but do no damage.
You hit the orc wizard but do no damage.
You squeeze the orc wizard.
You kill the orc wizard!
The orc hits you with a +1 hand axe of electrocution!
* * * LOW HITPOINT WARNING * * *
You are electrocuted!
You die...

..<.......#####...............#
..........##................†.#
......<...##.##...........†...#
...........#...........########
............##(###.#.###
..........#.##...#.....#
..........#..###.#.....#
..............oo.......#
##..##@##....#
.....oo)###.?.... .###..###
#...... .... ........ ####
....... .....


You could see an orc wizard and 3 orcs.

Vanquished Creatures
  Jessica (D:2)
  An orc wizard (D:4)
  8 gnolls
  3 adders
  A worm (D:3)
  2 dart slugs
  6 orcs (D:3)
  3 bats
  3 endoplasms
  4 giant cockroaches
  3 goblins
  4 hobgoblins (D:1)
  3 jackals (D:4)
  13 kobolds
  A quokka (D:2)
  2 ball pythons
  4 frilled lizards (D:2)
  4 rats (D:3)
66 creatures vanquished.

Notes
Turn   | Place    | Note
-------+----------+-------------------------------------------
     0 | D:1      | Delamore the Octopode Brigand began the quest for the Orb.
     0 | D:1      | Reached XP level 1. HP: 14/14 MP: 1/1
    88 | D:1      | Reached XP level 2. HP: 14/19 MP: 2/2
  1442 | D:2      | Reached XP level 3. HP: 18/25 MP: 3/3
  1712 | D:2      | Reached XP level 4. HP: 28/30 MP: 4/4
  1881 | D:2      | Noticed Jessica
  1887 | D:2      | Killed Jessica
  1891 | D:2      | Reached XP level 5. HP: 34/36 MP: 5/5
  2443 | D:3      | Found a stormy altar of Qazlal.
  2536 | D:3      | Found a large runed translucent door.
  2536 | D:3      | Found a large runed translucent door.
  2542 | D:3      | Found a shimmering altar of Xom.
  2552 | D:3      | Found a snail-covered altar of Cheibriados.
  2635 | D:3      | Found a shadowy altar of Dithmenos.
  2774 | D:3      | Found an ancient bone altar of Kikubaaqudgha.
  2907 | D:3      | Found a shimmering blue altar of Sif Muna.
  3151 | D:4      | Mangled by an orc

Illustrated notes

Levels and vault maps discovered:
D:1:      psy_arrival_conway, layout_basic, hangedman_decor_push,
          minmay_domino_2
D:2:      layout_basic, serial_park_tiny_pond, kennysheep_donut,
          ebering_dispersal_statue_hall, kennysheep_jessica_study
D:3:      due_chaos_kobolds, layout_loops_cross, mainiacjoe_overflow_paths,
          kiku_gazebo_pond_becter, mainiacjoe_overflow_boulevard,
          nicolae_dithmenos_shadow_blocks, mainiacjoe_overflow_tiny_flanked,
          st_stairs_4
D:4:      layout_basic, mainiacjoe_overflow_brackets, dk_noncrumbling_3,
          uniq_natasha

Skill      XL: |  1  2  3  4  5 |
---------------+----------------+-----
Short Blades   | 3 4 |  4.3
Dodging        | 2 |  2.7
Fighting       | 3 |  3.3
Throwing       | |  2.0
Stealth        | |  5.3

Action                   |  1- 3 |  4- 6 || total
-------------------------+-------+-------++-------
Melee: Dagger            |    53 |   100 ||   153
       Constrict         |    11 |    21 ||    32
       Tentacles         |     8 |    21 ||    29
Throw: Dart              |       |     3 ||     3
  Use: Scroll            |       |     5 ||     5
 Stab: Sleeping          |     7 |    11 ||    18
Armor: Skin              |       |     2 ||     2
Dodge: Dodged            |    17 |    42 ||    59
